Construct Weapon Support Center
Selects Airborne Battlegroup
Mechanized Support Center
M3 Armored Personnel Carrier
Construct Medical Station
Selects Paratrooper Squad Paradrop
Paratrooper Squad Paradrop
Designate Forward Repair Station
M4(105) Sherman Bulldozer
Selects Anti-tank Gun Team Paradrop
Anti-tank Gun Team Paradrop
Designate Forward Repair Station
M4(105) Sherman Bulldozer
Anti-tank Gun Team Paradrop
M18 Hellcat Tank Destroyer
M18 Hellcat Tank Destroyer
Selects Dual P-47 Rocket Strike